 Dungeon Crawl Stone Soup version 0.27-a0-531-gb72ec1a1b6 (webtiles) character file.

Game seed: 2661226679794179665

1225 jasper the Cleaver (level 8, -3/56 (58) HPs)
             Began as a Demonspawn Delver on Mar 5, 2021.
             Was a Believer of Wu Jian.
             Slain by a wyvern (17 damage)
             ... on level 7 of the Dungeon.
             The game lasted 00:08:43 (7162 turns).

jasper the Cleaver (Demonspawn Delver)              Turns: 7162, Time: 00:08:43

HP:   -3/56 (58)    AC:  0    Str: 13    XL:     8   Next: 23%
MP:   8/8           EV: 19    Int: 12    God:    Wu Jian [**....]
Gold: 111           SH:  0    Dex: 21    Spells: 7/7 levels left

rFire    . . .     SeeInvis .   (weapon currently unavailable)
rCold    . . .     Faith    .   (shield currently unavailable)
rNeg     . . .     Spirit   .   (armour currently unavailable)
rPois    .         Reflect  .   (helmet currently unavailable)
rElec    .         Harm     .   (cloak currently unavailable)
rCorr    .         Rampage  .   (gloves currently unavailable)
Will     .....                  (boots currently unavailable)
Stlth    +++.......             h - amulet of the acrobat
HPRegen  0.18/turn              (ring currently unavailable)
MPRegen  0.11/turn              (ring currently unavailable)

@: bat-form, flying, lightly drained, very quick
A: tiny, demonic magic 1
a: Stop Flying, Renounce Religion, Wall Jump


You were on level 7 of the Dungeon.
You worshipped Wu Jian.
Wu Jian was pleased with you.
You were in bat-form.
You visited 1 branch of the dungeon, and saw 8 of its levels.

You collected 340 gold pieces.
You spent 229 gold pieces at shops.

Inventory:

Hand Weapons
 a - a +0 hand axe
 B - a +0 war axe
 C - the +1 war axe "Cisoxage" (melded) {freeze, rN+}
   (You bought it in a shop on level 5 of the Dungeon)

   It has been specially enchanted to freeze those struck by it, causing extra
   injury to most foes and up to half again as much damage against particularly
   susceptible opponents.
   It can also slow down cold-blooded creatures.
   It protects you from negative energy.
Missiles
 x - a throwing net
 y - 5 boomerangs (quivered)
Armour
 b - a +0 leather armour
 n - a +0 helmet (melded)
 w - a +0 plate armour
 A - a +0 ring mail (melded)
Jewellery
 h - an amulet of the acrobat (around neck)
 i - a +4 ring of protection
 D - a ring of flight
Wands
 g - a wand of digging (3)
Scrolls
 c - 4 scrolls of fog
 d - a scroll of magic mapping
 e - a scroll of fear
 j - a scroll of random uselessness
 m - a scroll of enchant armour
 o - a scroll of immolation {unknown}
 p - 2 scrolls of enchant weapon {unknown}
 q - a scroll of noise {unknown}
 t - a scroll of teleportation {unknown}
 E - a scroll of brand weapon {unknown}
 F - a scroll of blinking {unknown}
Potions
 f - 3 potions of haste
 l - 3 potions of attraction
 r - 2 potions of berserk rage
 s - a potion of degeneration
 u - 3 potions of brilliance
 v - 2 potions of ambrosia
 z - a potion of curing


   Skills:
 - Level 3.0 Fighting
 + Level 9.3 Axes
 - Level 1.7 Dodging
 - Level 4.5 Stealth


You had 7 spell levels left.
You didn't know any spells.
Your spell library was empty.

Dungeon Overview and Level Annotations

Branches:
Dungeon (8/15)             Temple (0/1) D:5
   Lair: D:8-11

Altars:
Elyvilon
Qazlal
Wu Jian
Yredelemnul
The Shining One

Shops:
D:5 (   D:6 [   D:8 [

Annotations:
D:3 Grinder
D:4 Blork the orc
D:5 Sigmund
D:8 Maurice, Psyche


Innate Abilities, Weirdness & Mutations

((You have sharp toenails.))
((You are partially covered in sharp spines.))
((Your movements are less encumbered by armour. (ER -4)))
Spells you cast may paralyse adjacent enemies.


Message History

Something hits you.
You are electrocuted!
You take 20 damage, and have 28/58 hp.
MASSIVE DAMAGE!!
You hit something. You closely miss something.
Something hits you but does no damage.
You are electrocuted!!
* * * LOW HITPOINT WARNING * * *
You take 18 damage, and have 10/58 hp.
MASSIVE DAMAGE!!
You hear some strange, mumbled words.
A swirling arc of seething chaos appears!
An arc of chaos appears from out of thin air!
The arc of chaos hits you.
You feel drained.
* * * LOW HITPOINT WARNING * * *
The arc of chaos hits you.
* * * LOW HITPOINT WARNING * * *
You take 10 damage, and have 1/56 hp.
You feel much better.
You regained 21 hp, and now have 22/56 hp.
A bullfrog comes into view.
The bullfrog moves out of view.
You see here 23 gold pieces.
The bullfrog croaks.
You spin and attack the bullfrog.
You hit the bullfrog.
The bullfrog is lightly wounded.
The bullfrog barely misses you.
You hear some strange, mumbled words.
A swirling arc of seething chaos appears!
An arc of chaos appears from out of thin air!
The arc of chaos hits the bullfrog.
The arc of chaos hits you.
You take 6 damage, and have 17/56 hp.
There is a stone staircase leading up here.
The bullfrog hits you.
* * * LOW HITPOINT WARNING * * *
You fly upwards.
Reactivating autopickup.
A hound comes into view.
The hound barks!
The wyvern hisses angrily.
The wyvern closely misses you. The wyvern completely misses you.
A centaur comes into view.
The wyvern bites you!
You die...

....##### #....(#
....... ......## .....
#.#....# .h..c
..#........r......
......#....... ...
.............###.######.
.#...##...#........(....
...#....#.#.$...b.#
......#..........l#
.....##.#.#.......#
...........!.......
#.................#.
#.................#8.
#..........###....# #.
###.###....# #..#.. ..
#.# #.#..# ...!..


You could see a wyvern, a centaur (wandering) and a hound.

Vanquished Creatures
  A water moccasin (D:8)
  A black bear (D:6)
  2 ogres
  A centaur (D:6)
  2 phantoms (D:6)
  A bullfrog (D:6)
  A water moccasin zombie (D:5)
  2 howler monkeys
  A centaur skeleton (D:6)
  2 hounds
  An iguana (D:5)
  An orc wizard (D:6)
  2 worker ants
  A killer bee zombie (D:6)
  2 hound skeletons
  3 gnolls (D:2)
  5 adders
  A white imp (D:6)
  An ufetubus (D:7)
  A worm (D:2)
  2 leopard geckos
  14 orcs
  6 bats
  6 giant cockroaches
  10 goblins
  2 hobgoblins (D:2)
  8 jackals
  2 quokkas
  A ball python (D:1)
  2 frilled lizards
  9 kobolds
  4 rats
98 creatures vanquished.

Vanquished Creatures (others)
  An orc wizard (D:6)
  3 plants (D:2)
4 creatures vanquished.

Grand Total: 102 creatures vanquished

Notes
Turn   | Place    | Note
-------+----------+-------------------------------------------
     0 | D:5      | jasper the Demonspawn Delver began the quest for the Orb.
     0 | D:5      | Reached XP level 1. HP: 18/18 MP: 1/1
     1 | D:6      | Noticed a phantom
     1 | D:6      | Noticed an ogre
    77 | D:3      | Found an ornate altar of the Wu Jian Council.
   113 | D:3      | Became a worshipper of the Wu Jian Council
   137 | D:3      | Reached skill level 2 in Axes
   160 | D:3      | Gained mutation: Your movements are slightly less
                  | encumbered by armour. (ER -2) [demonic ancestry]
   160 | D:3      | Reached XP level 2. HP: 23/24 MP: 2/2
   231 | D:3      | Reached skill level 3 in Axes
   346 | D:3      | Noticed Grinder
   462 | D:2      | Reached XP level 3. HP: 28/29 MP: 3/3
   790 | D:1      | Reached * piety under Wu Jian
  1721 | D:2      | Reached skill level 4 in Axes
  1721 | D:2      | Gained mutation: You are partially covered in sharp spines.
                  | [demonic ancestry]
  1721 | D:2      | Reached XP level 4. HP: 18/35 MP: 4/4
  2015 | D:2      | Found a faded altar of an unknown god.
  3616 | D:4      | Noticed Blork the orc
  3632 | D:3      | Gained mutation: Your movements are less encumbered by
                  | armour. (ER -4) [demonic ancestry]
  3632 | D:3      | Reached XP level 5. HP: 21/41 MP: 5/5
  3794 | D:4      | Reached skill level 5 in Axes
  3855 | D:4      | Noticed an ogre
  3892 | D:5      | Found a staircase to the Ecumenical Temple.
  3976 | D:5      | Reached ** piety under Wu Jian
  4186 | D:5      | Gained mutation: You have sharp toenails. [demonic
                  | ancestry]
  4186 | D:5      | Reached XP level 6. HP: 35/47 MP: 6/6
  4338 | D:5      | Found Iceurelo's Antique Weapon Boutique.
  4513 | D:5      | Noticed Sigmund
  4750 | D:5      | Reached skill level 6 in Axes
  5443 | D:6      | Reached skill level 7 in Axes
  5443 | D:6      | Gained mutation: Spells you cast may paralyse adjacent
                  | enemies. [demonic ancestry]
  5443 | D:6      | Reached XP level 7. HP: 43/52 MP: 7/7
  5911 | D:6      | Reached skill level 8 in Axes
  6076 | D:6      | Found Qeawon's Antique Armour Shoppe.
  6129 | D:5      | Bought an iridescent war axe for 229 gold pieces
  6129 | D:5      | Identified the +1 war axe "Cisoxage" {freeze, rN+} (You
                  | bought it in a shop on level 5 of the Dungeon)
  6703 | D:6      | Found a stormy altar of Qazlal.
  6703 | D:6      | Found a basalt altar of Yredelemnul.
  6815 | D:7      | Noticed a wyvern
  6847 | D:7      | Reached XP level 8. HP: 58/58 MP: 8/8
  6900 | D:8      | Reached skill level 9 in Axes
  6939 | D:8      | Noticed Maurice
  7041 | D:8      | Noticed Psyche
  7123 | D:8      | Found Qolunexe's Antique Armour Emporium.
  7143 | D:8      | HP: 1/56 [something/chain of chaos (5)]
  7162 | D:7      | Slain by a wyvern

Illustrated notes

Levels and vault maps discovered:
D:1:      giann_bridges, layout_basic, st_stairs_7
D:2:      layout_loops_corners, chequers_ecumenical_altar_lobes
D:3:      layout_loops_ring, led_sif_book, grunt_temple_overflow_open,
          kennysheep_another_room, uniq_grinder
D:4:      layout_basic, makhleb_altar_promises_db, uniq_blork_the_orc
D:5:      layout_basic, minmay_temple_entry_drinking_statues, serial_shops,
          nicolae_shop_stone, bh_walls_and_bars, uniq_pikel, uniq_sigmund
D:6:      black_bear_nest_1, layout_basic, gammafunk_temple_overflow_elements,
          serial_shops, kennysheep_little_box
D:7:      layout_rooms, minmay_chambers_of_fives
D:8:      layout_cave_pools, vehumet_statue, serial_shops, shop, minivault_10,
          minmay_ruined_shrine, uniq_psyche, uniq_maurice

Skill      XL: |  1  2  3  4  5  6  7  8 |
---------------+-------------------------+-----
Axes           | 2 3 4 5 7 8 9 |  9.3
Fighting       | |  3.0
Dodging        | |  1.7
Stealth        | |  4.5

Action                   |  1- 3 |  4- 6 |  7- 9 || total
-------------------------+-------+-------+-------++-------
Melee: Hand axe          |   155 |   132 |     2 ||   289
       Kick              |       |    13 |    16 ||    29
       War axe           |       |       |    63 ||    63
       Unarmed           |       |       |     3 ||     3
Throw: Throwing net      |       |     1 |       ||     1
       Boomerang         |       |    21 |     6 ||    27
Invok: Lunge             |    15 |    14 |     3 ||    32
       Whirlwind         |       |     3 |     1 ||     4
 Abil: Wall Jump         |       |     1 |     2 ||     3
  Use: Potion            |       |     1 |     1 ||     2
       Scroll            |       |       |     9 ||     9
 Stab: Sleeping          |     8 |     5 |     2 ||    15
       Distracted        |       |     1 |       ||     1
Armor: Leather armour    |    37 |    23 |       ||    60
       Ring mail         |       |     5 |    21 ||    26
Dodge: Dodged            |   105 |    67 |    44 ||   216

Table legend: (Time is in decaauts)
 A = Elapsed time spent in this place.
 B = Non-inter-level travel time spent in this place.
 C = Inter-level travel time spent in this place.
 D = Time resting spent in this place.
 E = Time spent auto-exploring this place.
 F = Levels seen in this place.
 G = Mean time per level.
                   A        B        C        D        E       F      G
               +--------+--------+--------+--------+--------+-----+--------+
         Total |   7199 |   6985 |    214 |    741 |   5160 |   8 |  899.9 |
       Dungeon |   7199 |   6985 |    214 |    741 |   5160 |   8 |  899.9 |
               +--------+--------+--------+--------+--------+-----+--------+

Top non-repeatable levels by time:
     D:2: 1769 daAuts
     D:6: 1592 daAuts
     D:5: 1335 daAuts
     D:1: 1055 daAuts
     D:3: 901 daAuts
     D:8: 272 daAuts
     D:7: 143 daAuts
     D:4: 129 daAuts
